 Dungeon Crawl Stone Soup version 0.31-a0-965-g8a8ce12e04 (webtiles) character file.

Game seed: 5784641743663816621

160 mattiecakes the Trooper (level 5, -6/76 HPs)
             Began as an Armataur Berserker on Oct 27, 2023.
             Was a Priest of Trog.
             Killed by divine providence
             ... invoked by an orc priest
              (12 damage)
             ... on level 3 of the Dungeon.
             The game lasted 00:09:02 (2708 turns).

mattiecakes the Trooper (Armataur Berserker)        Turns: 2708, Time: 00:09:02

Health: -6/76      AC:  8    Str: 25    XL:     5   Next: 17%
Magic:  5/5        EV:  6    Int:  7    God:    Trog [***...]
Gold:   144        SH:  0    Dex:  9    Spells: 4/4 levels left

rFire   . . .        a - +0 falchion
rCold   . . .        (no shield)
rNeg    . . .        p - +0 chain mail
rPois   .            j - +0 helmet
rElec   .            (no cloak)
rCorr   .            (no gloves)
SInv    .            (no barding)
Will    .....        (no amulet) Stlth
                     (no ring)
HPRegen 0.32/turn    (no ring)
MPRegen 0.09/turn

%: roll
@: berserking, very quick
A: large, rugged brown scales 3, deformed body, armoured tail, roll, long
tongue, awkward tongue
a: Renounce Religion, Berserk, Trog's Hand


You were on level 3 of the Dungeon.
You worshipped Trog.
Trog was most pleased with you.
You visited 1 branch of the dungeon, and saw 3 of its levels.

You collected 144 gold pieces.

Inventory:

Hand Weapons
 a - a +0 falchion (weapon)
Armour
 j - a +0 helmet (worn)
 p - a +0 chain mail (worn)
Wands
 k - a wand of quicksilver (3)
Scrolls
 g - a scroll of teleportation
 l - a scroll of poison {unknown}
 m - a scroll of fear {unknown}
 n - a scroll of enchant weapon {unknown}
 o - a scroll of fog {unknown}
 q - a scroll of identify {unknown}


   Skills:
 + Level 5.4 Fighting
 - Level 2.6 Long Blades
 - Level 2.4 Armour
 - Level 1.3 Dodging


You had 4 spell levels left.
You didn't know any spells.
Your spell library was empty.

Dungeon Overview and Level Annotations

Branches:
Dungeon (3/15)

Altars:
Yredelemnul

Shops:
D:2 =


Innate Abilities, Weirdness & Mutations

You are completely covered in rugged brown scales. (AC +3, +7% HP)
Armour fits poorly on your strangely shaped body.
You have a long armoured tail.
You roll when moving toward enemies. (Rampage)
Your long tongue fully drains potion bottles. (2x potion effects)
Your tongue gives you trouble enunciating. (1.5x scroll delay)


Message History

The orc priest calls down the wrath of Beogh upon you.
Beogh smites you!
You barely miss the orc. The orc hits you but does no damage.
The orc barely misses you.
You slash the orc!
You kill the orc!
Trog accepts your kill.
An orc priest comes into view. It is wielding a +0 mace.
An orc comes into view. It is wielding a +0 hand axe.
Items here: $ ( )) [ †.
The orc priest mumbles some strange prayers to Beogh against you.
Beogh smites you!
The orc priest mumbles some strange prayers to Beogh against you.
Beogh smites you!
* * * LOW HITPOINT WARNING * * *
You are too injured to fight recklessly!
You are too injured to fight recklessly!
You are too injured to fight recklessly!
You are too injured to fight recklessly!
You are too injured to fight recklessly!
You are too injured to fight recklessly!
You are too injured to fight recklessly!
You are too injured to fight recklessly!
You are too injured to fight recklessly!
You are too injured to fight recklessly!
You are too injured to fight recklessly!
You are too injured to fight recklessly!
Unknown command.
A red film seems to cover your vision as you go berserk!
You feel yourself moving faster!
You feel mighty!
The orc priest mumbles some strange prayers to Beogh against you.
Beogh smites you!
* * * LOW HITPOINT WARNING * * *
The orc priest hits you with a +0 dagger.
* * * LOW HITPOINT WARNING * * *
You barely miss the orc priest.
The orc priest miscasts a cantrip.
The orc priest mumbles some strange prayers to Beogh against you.
Beogh smites you!
You die...

#.... .. #.... .. #....
#o #....
####o########## #######
....>.........# #......
..............# #......
......o.......# #......
......o@......# #...♣)♣
###....)).....# #.♣♣.♣)
#....)......# ##.♣.♣.♣
#....)†.....# #.♣.)♣♣.
#...........# #..♣♣...
#...........# #♣♣.♣._.
#.......†..### ♣.♣♣...
#..........#####♣..♣♣.♣
#..^.......#.....♣♣.♣.♣


You could see 2 orc priests and 2 orcs.

Vanquished Creatures
  A hound zombie (D:3)
  3 adders
  4 gnolls (D:3)
  An adder zombie (D:3)
  2 worms (D:2)
  2 dart slugs
  7 orcs (D:3)
  4 endoplasms
  2 giant cockroaches (D:2)
  4 hobgoblins
  4 jackals (D:2)
  8 kobolds
  6 ball pythons
  4 bats
  A frilled lizard (D:3)
  4 goblins
  A quokka zombie (D:3)
  5 rats
63 creatures vanquished.

Notes
Turn   | Place    | Note
-------+----------+-------------------------------------------
     0 | D:1      | mattiecakes the Armataur Berserker began the quest for the
                  | Orb.
     0 | D:1      | Reached XP level 1. HP: 19/19 MP: 1/1
    86 | D:1      | Reached skill level 3 in Fighting
   151 | D:1      | Reached XP level 2. HP: 27/27 MP: 2/2
   823 | D:2      | Reached ** piety under Trog
   965 | D:2      | Reached XP level 3. HP: 35/35 MP: 3/3
  1106 | D:2      | Found a faded altar of an unknown god.
  1122 | D:2      | Reached skill level 4 in Fighting
  1391 | D:2      | Found Fogem's Jewellery Shop.
  2153 | D:3      | Identified the of Doovax
  2153 | D:3      | Identified the "Wedd"
  2153 | D:3      | Identified the of Hougepoj
  2165 | D:3      | Found a basalt altar of Yredelemnul.
  2201 | D:3      | Identified the +5 hand axe of Iconoclasm {speed, rN+ rCorr
                  | MP-9 Stlth+}
  2226 | D:3      | Reached XP level 4. HP: 38/43 MP: 4/4
  2431 | D:3      | Reached skill level 5 in Fighting
  2448 | D:3      | Reached XP level 5. HP: 8/51 MP: 5/5
  2704 | D:3      | Reached *** piety under Trog
  2708 | D:3      | Killed from afar by an orc priest

Illustrated notes

Levels and vault maps discovered:
D:1:      dpeg_arrival_lava_altar, layout_rooms, minmay_tree_intersection
D:2:      minmay_recursive_quarters, layout_loops_corners,
          shapermc_ecumenical_altar_totnotflames, serial_shops,
          nicolae_shop_gaudy_bauble, minmay_surrounded
D:3:      layout_basic, nicolae_yredelemnul_corpse_copse, led_sif_pool

Skill      XL: |  1  2  3  4 |
---------------+-------------+-----
Fighting       | 3 4 5 |  5.4
Long Blades    | |  2.6
Armour         | |  2.4
Dodging        | |  1.3

Action                     |  1- 3 |  4- 6 || total
---------------------------+-------+-------++-------
  Melee: Falchion          |   141 |    51 ||   192
         Tailslap          |    12 |     9 ||    21
         Punch             |     1 |       ||     1
 Invoke: Berserk           |     1 |     3 ||     4
  Evoke: Wand              |     1 |       ||     1
    Use: Potion            |     7 |     2 ||     9
         Scroll            |     2 |     4 ||     6
   Stab: Sleeping          |     2 |       ||     2
 Armour: Animal skin       |    90 |       ||    90
         Chain mail        |    37 |    41 ||    78
  Dodge: Dodged            |    73 |    10 ||    83

Table legend: (Time is in decaauts)
 A = Elapsed time spent in this place.
 B = Non-inter-level travel time spent in this place.
 C = Inter-level travel time spent in this place.
 D = Time resting spent in this place.
 E = Time spent auto-exploring this place.
 F = Levels seen in this place.
 G = Mean time per level.
                   A        B        C        D        E       F      G
               +--------+--------+--------+--------+--------+-----+--------+
         Total |   2761 |   2531 |    230 |    357 |   1699 |   3 |  920.3 |
       Dungeon |   2761 |   2531 |    230 |    357 |   1699 |   3 |  920.3 |
               +--------+--------+--------+--------+--------+-----+--------+

Top non-repeatable levels by time:
     D:2: 1599 daAuts
     D:3: 586 daAuts
     D:1: 575 daAuts
